 Dungeon Crawl Stone Soup version 0.18-a0-481-g9a22f0c (webtiles) character file.

121879 Proton the Peltast (level 17, -5/140 HPs)
             Began as a Formicid Fighter on Dec 2, 2015.
             Was a High Priest of Ru.
             Slain by a sun demon (12 damage)
             ... on level 1 of the Abyss.
             The game lasted 01:08:24 (23670 turns).

Proton the Peltast (Formicid Fighter)              Turns: 23670, Time: 01:08:24

Health: -5/140     AC: 21    Str: 26      XL:     17   Next: 41%
Magic:  0/15       EV: 16    Int:  6      God:    Ru [*****.]
Gold:   1804       SH: 14    Dex: 11 (12) Spells: 0 memorised, 16 levels left

rFire  . . .     SeeInvis +     y - +4 executioner's axe (elec)
rCold  + + .     Clarity  .     F - +3 plate armour
rNeg   . . .     SustAt   .     c - +0 shield
rPois  .         Gourm    .     (helmet unavailable)
rElec  .         Spirit   +     (no cloak)
rCorr  .         Dismiss  .     O - +0 pair of gloves {rC+}
rMut   .         Stasis   +     s - +0 pair of boots
MR     +....                    B - amulet of guardian spirit
Stlth  ..........               P - +4 ring of evasion
                                m - +4 ring of protection

@: exhausted, drained, somewhat resistant to hostile enchantments, extremely
unstealthy
A: permanent stasis, dig shafts and tunnels, four strong arms, antennae 3, beak,
talons 1, agile 2, clumsy 1, cold resistance 1, deformed body, deterioration 1,
dopey 1, low mp 1, screaming 1, weak 1, evolution 1, no device heal 1, inability
to use devices, hated by all, no conjurations magic, no poison magic, no
transmutations magic, MP-powered wands
a: Dig, Shaft Self, Draw Out Power, Power Leap, Apocalypse, Renounce Religion


You were on level 1 of the Abyss.
You worshipped Ru.
Ru was extremely pleased with you.
You were full.

You visited 3 branches of the dungeon, and saw 19 of its levels.
You visited the Abyss 1 time.
You also visited: Ice Cave.

You collected 1804 gold pieces.

Inventory:

Hand Weapons
 b - a +1 dire flail of protection
 y - a +4 executioner's axe of electrocution (weapon)
Missiles
 h - 8 javelins of penetration
 I - 3 javelins (quivered)
Armour
 c - a +0 shield (worn)
 s - a +0 pair of boots (worn)
 F - a +3 plate armour (worn)
 N - a +2 chain mail of cold resistance
 O - a +0 pair of gloves of cold resistance (worn)
Jewellery
 m - a +4 ring of protection (left hand)
 t - an uncursed ring of positive energy
 v - an uncursed ring of protection from cold
 B - an amulet of guardian spirit (around neck)
 K - an uncursed ring of protection from magic
 P - a +4 ring of evasion (right hand)
Scrolls
 a - 2 scrolls of noise {unknown}
 e - 7 scrolls of magic mapping {unknown}
 f - 4 scrolls of enchant armour {unknown}
 g - 3 scrolls of fog {unknown}
 j - 4 scrolls of teleportation {unknown}
 l - a scroll of identify
 n - 2 scrolls of recharging {unknown}
 q - 10 scrolls of remove curse
 r - 4 scrolls of enchant weapon
 A - 2 scrolls of vulnerability {unknown}
 H - 2 scrolls of immolation {unknown}
 J - 4 scrolls of random uselessness {unknown}
 Q - a scroll of fear {unknown}
 S - 2 scrolls of amnesia {unknown}
 U - 2 scrolls of brand weapon
Potions
 d - 3 potions of might
 i - 2 potions of flight
 k - a potion of berserk rage
 o - 8 potions of curing
 p - a potion of agility
 u - 2 potions of brilliance
 w - 2 potions of lignification
 x - 2 potions of cure mutation
 E - 2 potions of resistance
 G - 3 potions of ambrosia
 L - a potion of magic
Books
 M - a book of Ice

   Spells                             Type                      Level
   a - Ice Form                       Ice/Transmutation            4
   b - Metabolic Englaciation         Hexes/Ice                    5
   c - Ozocubu's Refrigeration        Ice                          6
   d - Bolt of Cold                   Conjuration/Ice              6
   e - Freezing Cloud                 Conjuration/Ice/Air          6
   f - Simulacrum                     Ice/Necromancy               6
 R - a book of Summonings

   Spells                             Type                      Level
   a - Recall                         Summoning/Translocation      3
   b - Aura of Abjuration             Summoning                    5
   c - Shadow Creatures               Summoning                    5
   d - Summon Demon                   Summoning                    5
   e - Summon Forest                  Summoning/Translocation      5
   f - Summon Mana Viper              Hexes/Summoning              5
Comestibles
 z - 2 meat rations
 C - 10 beef jerkies
 D - 3 bread rations


   Skills:
 + Level 14.3(13.4) Fighting
 + Level 14.1(13.2) Axes
 + Level 14.5(13.6) Armour
 + Level 12.0(11.2) Dodging
 + Level 15.6(14.7) Shields


You had 16 spell levels left.
You didn't know any spells.

Dungeon Overview and Level Annotations

Branches:
Dungeon (15/15)            Temple (1/1) D:4            Lair (3/8) D:9
  Snake (0/4) Lair:3          Orc (0/4) D:11         Vaults (0/5) D:14
 Depths (0/5) D:15
  Swamp: Lair:3-6    Shoals: Lair:3-6

Altars:
Ashenzari
Cheibriados
Elyvilon
Fedhas
Kikubaaqudgha
Makhleb
Nemelex Xobeh
Okawaru
Qazlal
Ru
Sif Muna
Vehumet
Xom
Yredelemnul
Zin

Shops:
D:9 [

Annotations:
Lair:2 exclusion: oklob plant
Lair:3 Sonja


Innate Abilities, Weirdness & Mutations

You are under a permanent stasis effect.
You can dig through walls and to a lower floor.
Your four strong arms can wield two-handed weapons with a shield.
You have a pair of large antennae on your head (SInv).
You cannot study or use magical devices.
You are hated by all.
You cannot study or cast Conjurations magic.
You cannot study or cast Poison magic.
You cannot study or cast Transmutations magic.
You have a beak for a mouth.
You have sharp toenails.
You are very agile. (Dex +4)
Your flesh is cold resistant.
You are dopey. (Int -2)
You evolve.
[You are clumsy. (Dex -2)]
[Armour fits poorly on your strangely shaped body.]
[Your body sometimes deteriorates upon taking damage.]
[Your magical capacity is low (-10% MP).]
[You occasionally shout uncontrollably at your foes.]
[You are weak. (Str -2)]
[Potions and wands are less effective at restoring your health.]
[You expend magic power (3 MP) to strengthen your wands.]


Message History

You block the small abomination's attack.
You redirect the sun demon's attack!
The sun demon hits the small abomination but does no damage.
You slash the sun demon!
The sun demon is moderately wounded.
You slash the small abomination!
There is a sudden explosion of sparks!
You destroy the small abomination!
The sun demon barely misses you.
The raiju bursts into living lightning!
The living lightning hits you!
* * * LOW HITPOINT WARNING * * *
The living lightning hits you!
* * * LOW HITPOINT WARNING * * *
The raiju blinks!
You focus your will and illuminate the raiju in retribution!
Drink which item? (? for menu, Esc to quit)
You feel better. The sun demon hits you.
* * * LOW HITPOINT WARNING * * *
You are engulfed in flames!
You die...

.....##......##
...............
...............
...............
...............
...............#
#........3......
. # #@..h..# .#..
#......## #.
.#......... #
...........#
#.............
...#.............
. .............
..............
#... #.. #


You could see a sun demon and a raiju.

Vanquished Creatures
  A bone dragon (Abyss:1)
  Rupert (D:14)
  9 tentacled starspawn (Abyss:1)
  Donald (D:14)
  A balrug (Abyss:1)
  2 very ugly things (Abyss:1)
  A green death (Abyss:1)
  Erolcha (D:8)
  A hydra (Lair:1)
  3 naga warriors (Abyss:1)
  A death knight (Abyss:1)
  2 rakshasas (Abyss:1)
  5 centaur warriors
  A catoblepas (D:13)
  The ghost of Proton the Blocker, a novice FoFi of Ru (D:9)
  2 ogre magi (D:15)
  A death yak (Lair:2)
  A vampire mage (D:15)
  5 thrashing horrors (Abyss:1)
  6 wretched stars (Abyss:1)
  7 skeletal warriors
  13 large abominations (Abyss:1)
  An unseen horror (shapeshifter) (D:15)
  A spatial maelstrom (Abyss:1)
  A giant orange brain (Abyss:1)
  4 unseen horrors
  8 hill giants
  2 necromancers
  15 ugly things
  A wolf spider zombie (D:14)
  The ghost of Proton the Shield-Bearer, a novice FoFi (D:6)
  The ghost of Proton the Shield-Bearer, a novice FoFi of Ru (D:7)
  A fire giant zombie (D:15)
  3 griffons (D:12)
  2 manticores
  A stone giant zombie (D:15)
  A sixfirhy (Abyss:1)
  3 worldbinders (Abyss:1)
  A black mamba (Lair:1)
  A guardian serpent (Abyss:1)
  3 cyclopes
  6 elephants (Lair:2)
  A torpor snail (Lair:2)
  A smoke demon (Abyss:1)
  An ice statue (IceCv)
  An apocalypse crab (Abyss:1)
  A hellion (Abyss:1)
  3 gargoyles
  A hellwing (Abyss:1)
  3 spiny frogs
  2 komodo dragons
  A kobold demonologist (D:12)
  An elf zombie (D:15)
  A tormentor (Abyss:1)
  3 ancient zymes (Abyss:1)
  A hydra zombie (Abyss:1)
  5 two-headed ogres
  12 freezing wraiths
  9 raiju (Abyss:1)
  A slime creature (shapeshifter) (Abyss:1)
  6 blink frogs (Abyss:1)
  9 slime creatures
  A troll (D:11)
  17 small abominations (Abyss:1)
  A hornet zombie (D:15)
  6 flying skulls (Abyss:1)
  3 deep elf magi
  2 wyverns
  A fire dragon skeleton (Abyss:1)
  A shadow (D:15)
  3 wraiths
  4 hippogriffs
  Eustachio (D:4)
  36 yaks
  6 ynoxinuls (Abyss:1)
  A basilisk (Abyss:1)
  16 humans (D:14)
  9 wolves
  3 wargs (D:9)
  3 nagas (Abyss:1)
  A spatial vortex (Abyss:1)
  4 chaos spawn (Abyss:1)
  A trapdoor spider simulacrum (D:14)
  6 water moccasins
  2 wasps
  6 hell hounds (Abyss:1)
  3 mottled dragons
  6 porcupines
  A phantom (D:9)
  4 sky beasts
  A human skeleton (D:15)
  2 eyes of draining
  15 orc warriors
  2 black bears
  8 ice beasts
  A snapping turtle zombie (Abyss:1)
  2 alligator simulacra (IceCv)
  7 crocodiles
  14 ogres
  8 centaurs
  3 big kobolds
  13 giant frogs
  3 wyvern zombies
  An elf skeleton (Abyss:1)
  2 elephant simulacra (IceCv)
  A wyvern skeleton (D:12)
  3 scorpions
  3 killer bees (D:14)
  An electric eel (D:15)
  14 wights
  23 starcursed masses (Abyss:1)
  A centaur zombie (D:5)
  9 crimson imps
  A draconian simulacrum (IceCv)
  2 giant frog zombies
  A wasp zombie (D:13)
  3 jellies
  3 centaur skeletons
  8 hounds
  7 iguanas
  An iron imp (Abyss:1)
  5 giant frog skeletons
  8 orc priests
  17 orc wizards
  4 troll simulacra (IceCv)
  A killer bee zombie (D:6)
  9 worker ants
  4 sheep (D:14)
  4 centaur simulacra (IceCv)
  3 spriggan simulacra (IceCv)
  Robin (D:4)
  14 adders
  3 gnolls (D:9)
  4 ogre simulacra (IceCv)
  26 white imps
  3 naga simulacra (IceCv)
  22 river rats
  9 shadow imps
  An ufetubus (Abyss:1)
  An adder skeleton (D:4)
  A worm (D:2)
  4 giant geckos
  68 orcs
  5 giant cockroaches
  13 goblins
  11 hobgoblins
  20 kobolds
  8 quokkas
  A ball python (D:6)
  4 bats
  A giant cockroach zombie (D:6)
  A giant gecko zombie (D:5)
  3 giant newts
  A jackal (D:1)
  A jackal zombie (D:5)
  A quokka skeleton (D:4)
  15 rats
  3 fungi
  8 starspawn tentacles (Abyss:1)
  A starspawn tentacle segment (Abyss:1)
806 creatures vanquished.

Vanquished Creatures (others)
  An unseen horror (Abyss:1)
  A large abomination (Abyss:1)
  A sixfirhy (Abyss:1)
  A spiny frog (Lair:1)
  A komodo dragon (Lair:3)
  A small abomination (Abyss:1)
  A chaos spawn (Abyss:1)
  A golden eye (shapeshifter) (Abyss:1)
  A wolf (Lair:2)
  A crimson imp (Abyss:1)
  An orc wizard (D:8)
  An iguana (D:13)
  A centaur simulacrum (IceCv)
  An orc (D:5)
  A goblin (D:4)
  A kobold (D:10)
  5 fungi
  A lurking horror (Abyss:1)
  2 plants
  24 starspawn tentacles (Abyss:1)
  164 starspawn tentacle segments (Abyss:1)
212 creatures vanquished.

Grand Total: 1018 creatures vanquished

Notes
Turn   | Place    | Note
--------------------------------------------------------------
     0 | D:1      | Proton the Formicid Fighter began the quest for the Orb.
     0 | D:1      | Reached XP level 1. HP: 18/18 MP: 1/1
    63 | D:1      | Reached XP level 2. HP: 24/24 MP: 2/2
   156 | D:1      | Reached skill level 4 in Shields
   443 | D:1      | Reached XP level 3. HP: 25/29 MP: 3/3
   900 | D:2      | Found a blossoming altar of Fedhas.
  1072 | D:2      | Reached XP level 4. HP: 30/37 MP: 4/4
  1934 | D:3      | Found a sparkling altar of Nemelex Xobeh.
  2006 | D:3      | Reached skill level 1 in Dodging
  2237 | D:4      | Found a staircase to the Ecumenical Temple.
  2240 | D:4      | Noticed Eustachio
  2245 | D:4      | Reached XP level 5. HP: 40/42 MP: 5/5
  2615 | D:4      | Killed Eustachio
  2615 | D:4      | Reached XP level 6. HP: 11/49 MP: 6/6
  2857 | Temple   | Entered the Ecumenical Temple
  2881 | Temple   | Became a worshipper of Ru the Awakened
  2953 | D:4      | Noticed Robin
  2980 | D:4      | Killed Robin
  3072 | D:4      | Reached skill level 5 in Shields
  3145 | D:4      | Found a sparkling altar of Nemelex Xobeh.
  3208 | D:4      | Reached XP level 7. HP: 43/55 MP: 7/7
  4121 | D:5      | Entered Level 5 of the Dungeon
  4308 | D:5      | Gained mutation: You are hated by all. [Ru sacrifice]
  4308 | D:5      | Reached * piety under Ru
  4317 | D:5      | Reached skill level 5 in Fighting
  4606 | D:5      | Reached skill level 5 in Armour
  4606 | D:5      | Reached XP level 8. HP: 31/62 MP: 8/8
  4903 | D:6      | Noticed Proton's ghost (novice FoFi)
  4951 | D:6      | Reached skill level 6 in Shields
  5113 | D:6      | Noticed a deep elf mage
  5119 | D:7      | Found an ancient bone altar of Kikubaaqudgha.
  5128 | D:7      | Noticed Proton's ghost (novice FoFi)
  6273 | D:6      | Reached skill level 5 in Axes
  6336 | D:6      | Reached XP level 9. HP: 69/69 MP: 9/9
  6424 | D:6      | Reached skill level 7 in Shields
  6705 | D:6      | Killed Proton's ghost
  7228 | D:7      | Reached skill level 5 in Dodging
  7250 | D:7      | Reached skill level 8 in Shields
  7250 | D:7      | Reached XP level 10. HP: 53/79 MP: 8/10
  7904 | D:7      | Killed Proton's ghost
  8172 | D:7      | Found a shimmering altar of Xom.
  8172 | D:7      | Found a snail-covered altar of Cheibriados.
  8319 | D:7      | Gained mutation: You cannot study or use magical devices. [Ru sacrifice]
  8319 | D:7      | Reached ** piety under Ru
  8319 | D:7      | Reached *** piety under Ru
  8319 | D:7      | Reached **** piety under Ru
  8331 | D:7      | Gained mutation: You are dopey. (Int -2) [potion of mutation]
  8331 | D:7      | Gained mutation: Your spells are a little harder to cast, but a little more powerful. [potion of mutation]
  8331 | D:7      | Gained mutation: You have sharp toenails. [potion of mutation]
  8401 | D:8      | Found a deep blue altar of Sif Muna.
  8729 | D:8      | Noticed Erolcha
  8748 | D:8      | Killed Erolcha
  8748 | D:8      | Reached skill level 9 in Shields
  9288 | D:8      | Reached XP level 11. HP: 78/86 MP: 11/11
  9468 | D:9      | Found Gomuth's Armour Boutique.
  9553 | D:9      | Found a basalt altar of Yredelemnul.
  9648 | D:9      | Noticed Proton's ghost (novice FoFi)
  9689 | D:9      | Killed Proton's ghost
  9882 | D:9      | Found a staircase to the Lair.
 10256 | D:10     | Entered Level 10 of the Dungeon
 11099 | D:11     | Noticed a manticore
 11112 | D:11     | Killed a manticore
 11285 | D:11     | Noticed an unseen horror
 11292 | D:11     | Reached skill level 10 in Shields
 11293 | D:11     | Noticed a hill giant
 11303 | D:11     | Killed a hill giant
 11306 | D:11     | Killed an unseen horror
 11391 | D:11     | Noticed an unseen horror
 11413 | D:11     | Killed an unseen horror
 11433 | D:11     | Noticed a four-headed hydra
 11484 | D:12     | Noticed a hill giant
 11505 | D:12     | Killed a hill giant
 11832 | D:12     | Noticed a cyclops
 11839 | D:12     | Killed a cyclops
 11839 | D:12     | Reached XP level 12. HP: 39/96 MP: 5/12
 12798 | D:12     | Gained mutation: You cannot study or cast Poison magic. [Ru sacrifice]
 12798 | D:12     | Gained mutation: You cannot study or cast Transmutations magic. [Ru sacrifice]
 12798 | D:12     | Gained mutation: You cannot study or cast Conjurations magic. [Ru sacrifice]
 12798 | D:12     | Reached ***** piety under Ru
 12831 | D:12     | Gained mutation: You have a beak for a mouth. [mutagenic meat]
 13029 | D:12     | Reached skill level 10 in Armour
 13154 | D:12     | Reached skill level 10 in Fighting
 13154 | D:12     | Reached skill level 11 in Shields
 13550 | D:13     | Noticed a centaur warrior
 13890 | D:13     | Killed a centaur warrior
 13939 | D:13     | Noticed a skeletal warrior
 13993 | D:13     | Noticed a skeletal warrior
 13993 | D:13     | Noticed a skeletal warrior
 14083 | D:12     | Killed a skeletal warrior
 14142 | D:13     | Killed a skeletal warrior
 14206 | D:13     | Killed a skeletal warrior
 14206 | D:13     | Reached XP level 13. HP: 96/104 MP: 13/13
 14622 | D:13     | Gained mutation: You passively map a small area around you. [mutagenic meat]
 14623 | D:13     | Gained mutation: You evolve. [mutagenic meat]
 14736 | D:13     | Reached skill level 10 in Axes
 14738 | D:13     | Reached skill level 12 in Shields
 14859 | D:14     | Found a gate to the Vaults.
 14859 | D:14     | Noticed Rupert
 14859 | D:14     | Noticed Donald
 14865 | D:14     | Killed Donald
 14875 | D:14     | Killed Rupert
 15336 | D:14     | Found a snail-covered altar of Cheibriados.
 15653 | D:14     | Reached XP level 14. HP: 99/113 MP: 12/14
 15912 | D:15     | Entered Level 15 of the Dungeon
 15913 | D:15     | Found a frozen archway.
 15933 | IceCv    | Entered an ice cave
 16075 | IceCv    | Lost mutation: You are dopey. (Int -2) [evolution]
 16488 | IceCv    | Found an ancient bone altar of Kikubaaqudgha.
 16628 | IceCv    | Reached skill level 13 in Shields
 16919 | D:15     | Lost mutation: Your spells are a little harder to cast, but a little more powerful. [mutagenic meat]
 16920 | D:15     | Gained mutation: You can breathe flames. [mutagenic meat]
 16923 | D:15     | Gained mutation: You regenerate slowly when monsters are visible. [mutagenic meat]
 16924 | D:15     | Gained mutation: You possess an exceptional clarity of mind. [mutagenic meat]
 17078 | D:15     | Reached skill level 10 in Dodging
 17388 | D:15     | Found a staircase to the Depths.
 17494 | D:15     | Lost mutation: You can breathe flames. [potion of mutation]
 17494 | D:15     | Lost mutation: You passively map a small area around you. [potion of mutation]
 17494 | D:15     | Gained mutation: You are frail (-10% HP). [potion of mutation]
 17813 | D:15     | Gained mutation: [Armour fits poorly on your strangely shaped body.] [mutagenic meat]
 17815 | D:15     | Gained mutation: You are dopey. (Int -2) [mutagenic meat]
 17816 | D:15     | Gained mutation: You are agile. (Dex +2) [mutagenic meat]
 17817 | D:15     | Gained mutation: You are very dopey. (Int -4) [mutagenic meat]
 17820 | D:15     | Gained mutation: Your flesh is cold resistant. [mutagenic meat]
 18002 | D:15     | Identified Tuaps's Compendium of the Flying Oath
 18105 | D:15     | Reached XP level 15. HP: 61/109 MP: 10/15
 18131 | D:15     | Gained mutation: You are very agile. (Dex +4) [mutagenic meat]
 18133 | D:15     | Lost mutation: You are frail (-10% HP). [mutagenic meat]
 18135 | D:15     | Gained mutation: You are frail (-10% HP). [mutagenic meat]
 18137 | D:15     | Lost mutation: [Armour fits poorly on your strangely shaped body.] [mutagenic meat]
 18138 | D:15     | Lost mutation: You possess an exceptional clarity of mind. [mutagenic meat]
 18457 | D:11     | Found a staircase to the Orcish Mines.
 19185 | Lair:1   | Entered Level 1 of the Lair of Beasts
 21161 | Lair:3   | Found a staircase to the Snake Pit.
 21428 | Lair:3   | Reached skill level 14 in Shields
 21663 | Lair:3   | Noticed Sonja
 21666 | Lair:3   | Cast into level 1 of the Abyss (Sonja)
 21682 | Abyss:1  | Found a corrupted altar of Lugonu.
 21846 | Abyss:1  | Noticed a tentacled starspawn
 21852 | Abyss:1  | Killed a tentacled starspawn
 22138 | Abyss:1  | HP: 3/86 [hell hound (3)]
 22152 | Abyss:1  | Lost mutation: You regenerate slowly when monsters are visible. [potion of cure mutation]
 22153 | Abyss:1  | Lost mutation: You are very dopey. (Int -4) [potion of beneficial mutation]
 22158 | Abyss:1  | Noticed a tentacled starspawn
 22161 | Abyss:1  | Killed a tentacled starspawn
 22298 | Abyss:1  | Reached XP level 16. HP: 50/91 MP: 13/16
 22303 | Abyss:1  | Noticed a tentacled starspawn
 22310 | Abyss:1  | Killed a tentacled starspawn
 22524 | Abyss:1  | Noticed a bone dragon
 22548 | Abyss:1  | Killed a bone dragon
 22696 | Abyss:1  | Noticed a tentacled starspawn
 22704 | Abyss:1  | Killed a tentacled starspawn
 23127 | Abyss:1  | Reached skill level 15 in Shields
 23136 | Abyss:1  | Noticed a tentacled starspawn
 23142 | Abyss:1  | Killed a tentacled starspawn
 23198 | Abyss:1  | Noticed a tentacled starspawn
 23211 | Abyss:1  | Killed a tentacled starspawn
 23217 | Abyss:1  | Noticed a tentacled starspawn
 23226 | Abyss:1  | Killed a tentacled starspawn
 23295 | Abyss:1  | Reached XP level 17. HP: 79/125 MP: 11/17
 23473 | Abyss:1  | Found a corrupted altar of Lugonu.
 23534 | Abyss:1  | Lost mutation: You are frail (-10% HP). [evolution]
 23600 | Abyss:1  | Noticed a tentacled starspawn
 23606 | Abyss:1  | Killed a tentacled starspawn
 23613 | Abyss:1  | Noticed a tentacled starspawn
 23622 | Abyss:1  | Killed a tentacled starspawn
 23629 | Abyss:1  | Found a viscous altar of Jiyva.
 23641 | Abyss:1  | Found an opulent altar of Gozag.
 23669 | Abyss:1  | HP: 4/140 [raiju/living lightning (11)]
 23670 | Abyss:1  | Slain by a sun demon

Vault maps used:
D:1:      erik_arrival_orb_chamber
D:2:      nicolae_overflow_crystal_walls
D:3:      first_bread, nemelex_altar_shiori
D:4:      overflow_temple_1_default, minmay_temple_entry_glass, uniq_eustachio,
          uniq_robin
D:6:      minmay_misc_feat_hallway
D:7:      lemuel_round_altar, gammafunk_temple_overflow_wave, grunt_ogre_cave
D:8:      tgw_sif, uniq_erolcha
D:9:      lemuel_crystal_altar, erik_lair_orcish_takeover, serial_shops,
          kennysheep_mini_moat, st_stairs_13
D:11:     orc_0_dummy
D:13:     special_room
D:14:     david_vaults_3, cheibriados_altar_1, st_stairs_10
D:15:     gammafunk_depths_entry_grave, portal_ice_cave_entry_imps,
          minmay_misc_feat_room
Temple:   circular_temple_12
Lair:2:   st_stairs_6, minmay_stone_trees_medium, minmay_lair_oklob_bushes
Lair:3:   dummy_snake_entry, bh_autumn_forest_stairs, uniq_sonja
IceCv:    ice_cave_small_necro

Action                   |  1- 3 |  4- 6 |  7- 9 | 10-12 | 13-15 | 16-18 || total
-------------------------+-------+-------+-------+-------+-------+-------++-------
Melee: War axe           |   129 |   196 |   374 |   143 |       |       ||   842
       Battleaxe         |       |       |       |   584 |   110 |       ||   694
       Executioner's axe |       |       |       |       |   708 |   415 ||  1123
       Dire flail        |       |       |       |       |    17 |       ||    17
Invok: Sacrifice Love    |       |       |     1 |       |       |       ||     1
       Draw Out Power    |       |       |       |     5 |     5 |    13 ||    23
       Sacrifice Artific |       |       |       |     1 |       |       ||     1
       Reject Sacrifices |       |       |       |     1 |     3 |       ||     4
       Sacrifice Arcana  |       |       |       |     1 |       |       ||     1
       Apocalypse        |       |       |       |       |     2 |     3 ||     5
 Abil: Dig               |       |     2 |       |     2 |     3 |     1 ||     8
  Use: Scroll            |       |       |       |    16 |     5 |       ||    21
       Potion            |       |       |       |     1 |     4 |     6 ||    11
 Stab: Distracted        |       |       |       |     1 |     4 |     3 ||     8
       Paralysed         |       |       |       |       |     7 |     1 ||     8
       Invisible         |       |       |       |       |     5 |     1 ||     6
  Eat: Bread ration      |       |     2 |     3 |     2 |     3 |       ||    10
       Pizza             |       |     1 |       |     1 |     2 |       ||     4
       Beef jerky        |       |     1 |       |       |       |       ||     1
       Meat ration       |       |       |       |     2 |     2 |     2 ||     6
       Chunk             |       |       |       |     1 |    27 |       ||    28
       Royal jelly       |       |       |       |       |     1 |       ||     1
       Fruit             |       |       |       |       |     1 |       ||     1
